 Dungeon Crawl Stone Soup version 0.22.0-18-ge075c0de6d (webtiles) character file.

57 Jukra the Shield-Bearer (level 4, 0/28 HPs)
             Began as a Gargoyle Fighter on Aug 19, 2018.
             Killed by divine providence
             ... invoked by an orc priest
              (15 damage)
             ... on level 3 of the Dungeon.
             The game lasted 00:09:15 (1527 turns).

Jukra the Shield-Bearer (Gargoyle Fighter)          Turns: 1527, Time: 00:09:15

Health: 0/28       AC: 12    Str: 20    XL:     4   Next: 0%
Magic:  4/4        EV:  7    Int:  9    God:
Gold:   98         SH:  9    Dex:  9    Spells: 3/3 levels left

rFire    . . .     SeeInvis .   a - +0 flail
rCold    . . .     Gourm    .   c - +0 shield
rNeg     + . .     Faith    .   b - +0 scale mail
rPois    ∞         Spirit   .   j - +1 helmet
rElec    +         Reflect  .   (no cloak)
rCorr    .         Harm     .   (no gloves)
MR       .....                  (no boots)
Stlth    ..........             (no amulet)
HPRegen  0.09/turn              h - +3 ring of slaying
MPRegen  0.09/turn              (no ring)

@: no status effects
A: negative energy resistance 1, electricity resistance, unbreathing,
petrification resistance, rot immunity, AC +3
a: no special abilities


You were on level 3 of the Dungeon.
You were not hungry.

You visited 1 branch of the dungeon, and saw 3 of its levels.

You collected 98 gold pieces.

Inventory:

Hand Weapons
 a - a +0 flail (weapon)
Missiles
 k - a throwing net (quivered)
Armour
 b - a +0 scale mail (worn)
 c - a +0 shield (worn)
 j - a +1 helmet (worn)
Jewellery
 h - a +3 ring of slaying (left hand)
Scrolls
 e - 2 scrolls of identify {unknown}
 n - a scroll of remove curse {unknown}
Potions
 d - a potion of might
 g - a potion of degeneration {unknown}
 i - a potion of curing {unknown}
 l - a potion of brilliance {unknown}
Comestibles
 f - 4 rations
 m - a chunk of flesh


   Skills:
 * Level 3.4 Fighting
 * Level 2.8 Maces & Flails
 * Level 3.6 Armour
 + Level 0.5 Dodging
 + Level 4.0 Shields
 - Level 0.2 Spellcasting


You had 3 spell levels left.
You didn't know any spells.
Your spell library was empty.

Dungeon Overview and Level Annotations

Branches:
Dungeon (3/15)

Altars:
Gozag
Zin

Shops:
D:2 *


Innate Abilities, Weirdness & Mutations

You are resistant to torment.
Your stone body is resilient. (AC +3)
You are immune to poison.
You resist negative energy. (rN+)
You are resistant to electric shocks. (rElec)
You can survive without breathing.
You are immune to petrification.
You are immune to rotting.


Message History

You closely miss the orc priest. The orc priest barely misses you.
The orc priest hits you but does no damage.
Your shield and scale mail prevent you from hitting the orc priest.
You hit the orc.
The orc is heavily wounded.
The orc priest calls down the wrath of Beogh upon you.
Beogh smites you! The orc hits you but does no damage.
You are too injured to fight recklessly!
You are too injured to fight recklessly!
You are too injured to fight recklessly!
You are too injured to fight recklessly!
You hit the orc.
The orc is almost dead.
You block the bat's attack. The orc hits you but does no damage.
The quokka bites you but does no damage.
The orc hits you but does no damage.
The orc priest invokes the aid of Beogh against you.
Beogh smites you!
Ouch! That really hurt!
You die...

#........#
#........#
#........##
#.........#
#.......... #
#..o.≈≈≈≈.. #.
#.oor≈≈≈≈⌠.
#.####@.≈≈≈≈..
#.....b.......
#.#..(.......#
#....)........
#>............
#...........##
#...<....../..
#.............
#..........#.


You could see an orc priest, 2 orcs, a quokka and a bat.

Vanquished Creatures
  An adder (D:2)
  A worm (D:2)
  2 leopard geckos (D:1)
  2 ball pythons (D:1)
  6 bats
  A giant cockroach (D:1)
  7 goblins
  5 hobgoblins
  4 frilled lizards (D:2)
  6 kobolds
  11 rats
46 creatures vanquished.

Notes
Turn   | Place    | Note
-------+----------+-------------------------------------------
     0 | D:1      | Jukra the Gargoyle Fighter began the quest for the Orb.
     0 | D:1      | Reached XP level 1. HP: 14/14 MP: 1/1
   160 | D:1      | Reached XP level 2. HP: 19/19 MP: 2/2
   468 | D:1      | Reached XP level 3. HP: 22/23 MP: 3/3
   860 | D:2      | Found Zin's Purification Station.
   860 | D:2      | Found a glowing silver altar of Zin.
   875 | D:2      | Reached skill level 4 in Shields
  1372 | D:2      | Found an opulent altar of Gozag.
  1519 | D:3      | Reached XP level 4. HP: 28/28 MP: 4/4
  1527 | D:3      | Killed from afar by an orc priest

Skill      XL: |  1  2  3 |
---------------+----------+-----
Shields        | 4 |  4.0
Fighting       | |  3.4
Maces & Flails | |  2.8
Armour         | |  3.6
Dodging        | |  0.5
Spellcasting   | |  0.2

Action                   |  1- 3 |  4- 6 || total
-------------------------+-------+-------++-------
Melee: Flail             |   197 |     4 ||   201
  Eat: Ration            |     1 |       ||     1
Armor: Scale mail        |   106 |     4 ||   110
Dodge: Dodged            |    82 |     1 ||    83
Block: Shield            |   134 |     1 ||   135
